 Dungeon Crawl Stone Soup version 0.29-a0-857-g9b1aa3ac5b (webtiles) character file.

Game seed: 16656995914900017394

34 reriks the Cudgeller (level 3, 0/49 HPs)
             Began as a Meteoran Cinder Acolyte on July 16, 2022.
             Was a High Priest of Ignis.
             Succumbed to an adder's poison
             ... on level 2 of the Dungeon.
             The game lasted 00:01:37 (587 turns).

reriks the Cudgeller (Meteoran Cinder Acolyte)       Turns: 587, Time: 00:01:37

Health: 0/49       AC: 28    Str: 15 (18) XL:     3   Next: 73%
Magic:  7/7        EV:  2    Int: 13 (15) God:    Ignis [*****.]
Gold:   49         SH:  0    Dex:  8 (9)  Spells: 6/6 levels left

rFire   + . .      SeeInvis .   a - -1 mace (flame)
rCold   . . .      Faith    .   (no shield)
rNeg    . . .      Spirit   .   (body armour currently unavailable)
rPois   +          Reflect  .   (helmet currently unavailable)
rElec   .          Harm     .   (cloak currently unavailable)
rCorr   .          Rampage  .   (gloves currently unavailable)
Will    .....      NoTele   +   (boots currently unavailable)
Stlth   +.........              (no amulet)
HPRegen 0.16/turn               (no ring)
MPRegen 0.10/turn               (no ring)

@: lethally poisoned (0 -> -3), tree-form, fiery-armoured, glowing
A: stationary, stasis, torment immunity, boosted hp, sense surroundings 1,
otherworldly, glowing, explore regen
a: Renounce Religion, Fiery Armour, Foxfire Swarm, Rising Flame


You were on level 2 of the Dungeon.
You worshipped Ignis.
Ignis was extremely pleased with you.
You were a tree.
You visited 1 branch of the dungeon, and saw 2 of its levels.

You collected 49 gold pieces.

Inventory:

Hand Weapons
 a - a -1 mace of flaming (weapon)
Armour
 b - a +0 robe (melded)
Scrolls
 c - a scroll of enchant armour {unknown}
 d - a scroll of teleportation {unknown}
 f - 2 scrolls of identify {unknown}
 h - a scroll of amnesia {unknown}
 i - a scroll of noise {unknown}
 j - 2 scrolls of fear {unknown}
Potions
 m - a potion of attraction {unknown}


   Skills:
 + Level 3.7 Fighting
 + Level 4.5 Maces & Flails
 + Level 2.2 Spellcasting
 + Level 4.1 Fire Magic


You had 6 spell levels left.
You didn't know any spells.
Your spell library contained the following spells:

 Spells                   Type           Power      Damage    Failure   Level
 Scorch                   Fire           24%        2d6       7%          2
 Apportation              Tloc           2%         N/A       26%         1
 Necrotise                Necr           4%         1d4       26%         1
 Summon Small Mammal      Summ           4%         N/A       26%         1


Dungeon Overview and Level Annotations

Branches:
Dungeon (2/15) Zot: 605

Altars:

Shops:
D:1 [

Annotations:
D:1 1 transporter


Innate Abilities, Weirdness & Mutations

You are a tree.
Your roots penetrate the ground, keeping you stationary.
You cannot be teleported.
You are immune to unholy pain and torment.
Your maximum health is greatly increased.
Your equipment is partially melded.
You passively map a small area around you.
You are easily found by Zot.
You glow in the dark.
You regain HP and MP as you explore.


Message History

You hit the adder. You burn the adder.
You kill the adder!
You feel very sick. The adder bites you.
* * * LOW HITPOINT WARNING * * *
Your Spellcasting skill increases to level 2!
Your Fire Magic skill increases to level 4!
You have reached level 3!
Your experience leads to an increase in your attributes!
Increase (S)trength, (I)ntelligence, or (D)exterity?
You feel stronger. x3
A protective cloak of flame settles atop you.
* * * LOW HITPOINT WARNING * * *
You feel sick. The adder bites you.
* * * LOW HITPOINT WARNING * * *
The adder is burned by your cloak of flames.
The adder is severely wounded.
The adder bites you but does no damage.
The adder is burned by your cloak of flames.
You kill the adder!
* * * LOW HITPOINT WARNING * * *
You feel sick.
You see here an adder corpse.
There is a lethal amount of poison in your body!
It was a potion of flight.
You feel very buoyant.
You fly up into the air.
* * * LOW HITPOINT WARNING * * *
You feel sick.
It was a potion of lignification.
You turn into a tree.
Your +0 robe melds into your body.
Your roots penetrate the ground.
* * * LOW HITPOINT WARNING * * *
You feel sick.
It was a potion of magic.
Magic courses through your body.
* * * LOW HITPOINT WARNING * * *
You feel sick.
It was a potion of degeneration.
There was something very wrong with that liquid.
You feel weakened.
You feel dopey.
You feel clumsy.
You die...

, , *, , * ##, *,
..#,* , ##.#,,,
,.... , , , ,,,
..#**** * ..# * ,
*#########.#######
*
......†.♣........
, ,
.########.#######
, #.......... , *
* #.#.##########
,, *
#.#.#.......<#
#.#.#..####### * ,
, #.#.#..#######.
* #.#.##..†......
, ..#............
,


There were no monsters in sight!

Vanquished Creatures
  2 adders (D:2)
  A dart slug (D:2)
  A ball python (D:1)
  3 endoplasms (D:1)
  A giant cockroach (D:1)
  A hobgoblin (D:1)
  A bat (D:1)
  4 frilled lizards
  A kobold (D:1)
  A rat (D:1)
16 creatures vanquished.

Notes
Turn   | Place    | Note
-------+----------+-------------------------------------------
     0 | D:1      | reriks the Meteoran Cinder Acolyte began the quest for the
                  | Orb.
     0 | D:1      | Reached XP level 1. HP: 19/19 MP: 3/3
   129 | D:1      | Found Hakuer's Antique Armour Shoppe.
   156 | D:1      | Reached XP level 2. HP: 25/26 MP: 5/5
   493 | D:1      | Glimpsed the power of Zot.
   543 | D:1      | Glimpsed the power of Zot.
   582 | D:2      | Reached XP level 3. HP: 9/31 MP: 5/7
   585 | D:2      | HP: 2/49 [poisoned by an adder]
   587 | D:2      | Succumbed to an adder's poison

Illustrated notes

Levels and vault maps discovered:
D:1:      spicycebolla_arrival_risky_transporter, layout_basic, serial_shops,
          shop, nicolae_figureground_sparkle
D:2:      layout_basic, serial_shops, shop, nicolae_lakefront_shop, shop,
          nicolae_shop_crystal

Skill      XL: |  1  2 |
---------------+-------+-----
Spellcasting   | 2 |  2.2
Fire Magic     | 4 |  4.1
Fighting       | |  3.7
Maces & Flails | |  4.5

Action                   || total
-------------------------++-------
Melee: Mace              ||    42
Invok: Fiery Armour      ||     1
  Use: Potion            ||     4
Armor: Robe              ||    18
Dodge: Dodged            ||    23

Table legend: (Time is in decaauts)
 A = Elapsed time spent in this place.
 B = Non-inter-level travel time spent in this place.
 C = Inter-level travel time spent in this place.
 D = Time resting spent in this place.
 E = Time spent auto-exploring this place.
 F = Levels seen in this place.
 G = Mean time per level.
                   A        B        C        D        E       F      G
               +--------+--------+--------+--------+--------+-----+--------+
         Total |    594 |    594 |      0 |     62 |    405 |   2 |  297.0 |
       Dungeon |    594 |    594 |      0 |     62 |    405 |   2 |  297.0 |
               +--------+--------+--------+--------+--------+-----+--------+

Top non-repeatable levels by time:
     D:1: 558 daAuts
     D:2: 36 daAuts
